 Dungeon Crawl Stone Soup version 0.27.1-1-g398f81649c (webtiles) character file.

Game seed: 121887512946055746

378 chaosape the Magician (level 6, -2/51 HPs)
             Began as a Gnoll Wanderer on Sept 7, 2021.
             Slain by an acid dragon (5 damage)
             ... on level 5 of the Dungeon.
             The game lasted 00:18:59 (4508 turns).

chaosape the Magician (Gnoll Wanderer)              Turns: 4508, Time: 00:19:00

Health: -2/51      AC:  6    Str: 16    XL:     6   Next: 74%
Magic:  25/25      EV:  7    Int: 17    God:
Gold:   105        SH:  0    Dex:  9    Spells: 12/19 levels left

rFire    . . .     SeeInvis .   e - +2 dagger (venom)
rCold    . . .     Faith    .   (no shield)
rNeg     . . .     Spirit   .   z - +1 chain mail
rPois    .         Reflect  .   (no helmet)
rElec    .         Harm     .   C - scarf {repulsion}
rCorr    .         Rampage  .   l - +0 pair of gloves
Will     .....                  (no boots)
Stlth    ..........             r - amulet of regeneration
HPRegen  1.17/turn              d - +6 ring of intelligence
MPRegen  0.19/turn              w - ring of magical power

@: corroded, repel missiles
A: fangs 1, strong nose, distributed training
a: no special abilities


You were on level 5 of the Dungeon.
You visited 1 branch of the dungeon, and saw 5 of its levels.

You collected 105 gold pieces.

Inventory:

Hand Weapons
 a - a +0 falchion
 e - a +2 dagger of venom (weapon)
 j - a +0 hunting sling
Missiles
 g - 23 arrows
 n - 4 boomerangs
Armour
 c - a +0 robe
 i - a +0 leather armour
 k - a +0 ring mail
 l - a +0 pair of gloves (worn)
 q - a +0 scale mail
 s - a +0 barding
 z - a +1 chain mail (worn)
 C - a scarf of repulsion (worn)
 E - a +1 pair of gloves
Jewellery
 d - a +6 ring of intelligence (left hand)
 p - a ring of poison resistance
 r - an amulet of regeneration (around neck)
 w - a ring of magical power (right hand)
Scrolls
 h - 2 scrolls of vulnerability
 m - 2 scrolls of teleportation
 y - a scroll of magic mapping
 A - a scroll of noise {unknown}
 B - 2 scrolls of identify
Potions
 b - a potion of cancellation {unknown}
 f - 2 potions of berserk rage {unknown}
 o - 2 potions of invisibility {unknown}
 t - 3 potions of curing {unknown}
 u - 2 potions of mutation {unknown}
 v - a potion of brilliance {unknown}
 x - 2 potions of resistance {unknown}
 D - a potion of degeneration {unknown}


   Skills:
 + Level 5.0 Fighting
 + Level 2.1 Short Blades
 + Level 5.0 Long Blades
 + Level 2.1 Axes
 + Level 2.1 Maces & Flails
 + Level 2.1 Polearms
 + Level 2.1 Staves
 + Level 2.1 Slings
 + Level 2.1 Bows
 + Level 2.1 Crossbows
 + Level 3.3 Throwing
 + Level 2.1 Armour
 + Level 3.3 Dodging
 + Level 2.1 Stealth
 + Level 2.1 Shields
 + Level 2.1 Unarmed Combat
 + Level 7.4 Spellcasting
 + Level 1.6 Conjurations
 + Level 1.6 Hexes
 + Level 1.6 Summonings
 + Level 1.6 Necromancy
 + Level 1.6 Translocations
 + Level 1.6 Transmutations
 + Level 1.6 Fire Magic
 + Level 1.6 Ice Magic
 + Level 1.6 Air Magic
 + Level 1.6 Earth Magic
 + Level 1.6 Poison Magic
 + Level 2.3 Invocations
 + Level 3.3 Evocations


You had 12 spell levels left.
You knew the following spells:

 Your Spells              Type           Power      Damage    Failure   Level
a - Magic Dart            Conj           48%        1d5       71%         1
b - Blink                 Tloc           N/A        N/A       83%         2
c - Call Imp              Summ           12%        N/A       83%         2
d - Slow                  Hex            12%        N/A       83%         2

Your spell library contained the following spells:

 Spells                   Type           Power      Damage    Failure   Level
 Freeze                   Ice            48%        1d7       71%         1
 Conjure Flame            Conj/Fire      12%        6-21      97%         3
 Dazzling Flash           Conj/Hex       24%        N/A       97%         3
 Frozen Ramparts          Ice            24%        1d4       97%         3
 Mephitic Cloud           Conj/Pois/Air  12%        N/A       97%         3
 Portal Projectile        Hex/Tloc       24%        N/A       97%         3
 Hailstorm                Conj/Ice       12%        3d5       100%        4
 Agony                    Necr           12%        N/A       100%        5
 Blade Hands              Tmut           6%         N/A       100%        5
 Excruciating Wounds      Necr           6%         N/A       100%        5
 Silence                  Hex/Air        6%         N/A       100%        5


Dungeon Overview and Level Annotations

Branches:
Dungeon (5/15)
 Temple: D:4-7

Altars:
Dithmenos
Fedhas
Gozag
Uskayaw
Vehumet

Annotations:
D:3 1 runed translucent door, Ravenswing17's ghost, amateur GnAM


Innate Abilities, Weirdness & Mutations

You have very sharp teeth.
Your uncanny sense of smell can sniff out nearby items.
Your experience applies equally to all skills.


Message History

No target in view!
You start resting.
HP restored.
You now have 105 gold pieces (gained 7).
Found a brown potion.
Found a scroll of identify.
D - a brown potion
B - 2 scrolls of identify (gained 1)
Found a scroll of vulnerability.
h - 2 scrolls of vulnerability (gained 1)
You see here a +0 falchion.
Found a pair of embroidered gloves.
An acid dragon comes into view.
The acid dragon roars!
You see here a +1 pair of gloves.
E - a +1 pair of gloves You start putting on your armour.
You continue putting on your scarf of repulsion. x3
The acid dragon spits acid at you. The splash of acid hits you!
The acid corrodes you!
You are splashed with acid!
You continue putting on your scarf of repulsion.
You finish putting on your scarf of repulsion.
You are surrounded by a repulsion field.
The acid dragon bites you but does no damage.
Keep disrobing?
The acid dragon claws you.
You start removing your armour.
You continue taking off your +0 pair of gloves.
The acid dragon bites you! The acid dragon barely misses you.
You continue taking off your +0 pair of gloves.
The acid dragon bites you!
* * * LOW HITPOINT WARNING * * *
The acid dragon claws you but does no damage.
You continue taking off your +0 pair of gloves.
The acid dragon bites you!
* * * LOW HITPOINT WARNING * * *
The acid dragon closely misses you.
You continue taking off your +0 pair of gloves.
The acid dragon completely misses you. The acid dragon claws you.
You die...

#........#............
###.....................
.####.......#...........
..#####.....##..........
...###................#
.####..............Z..#
## ###.#.......##Y... #
####.#.....D##
####...@..# ###...##
#...# #####


You could see an acid dragon, an ice beast and a water moccasin skeleton.

Vanquished Creatures
  A water moccasin (D:5)
  A scorpion (D:4)
  A bullfrog zombie (D:5)
  A hound (D:5)
  An iguana (D:5)
  5 adders
  An adder skeleton (D:4)
  A worm (D:2)
  2 dart slugs
  6 orcs
  An endoplasm (D:2)
  A giant cockroach (D:2)
  6 goblins
  8 hobgoblins
  4 jackals (D:4)
  2 quokkas
  5 ball pythons
  A bat (D:1)
  4 frilled lizards
  10 kobolds
  4 rats
66 creatures vanquished.

Vanquished Creatures (collateral kills)
  A rat (D:2)
1 creature vanquished.

Vanquished Creatures (others)
  An orc wizard (D:4)
1 creature vanquished.

Grand Total: 68 creatures vanquished

Notes
Turn   | Place    | Note
-------+----------+-------------------------------------------
     0 | D:1      | chaosape the Gnoll Wanderer began the quest for the Orb.
     0 | D:1      | chaosape set off with the following items: a +0 falchion, a
                  | potion of lignification, a +0 robe; and the following spell
                  | memorised: Magic Dart; and the following spells available
                  | to memorise: Blink, Call Imp, Slow, Conjure Flame, Mephitic
                  | Cloud
     0 | D:1      | Reached XP level 1. HP: 20/20 MP: 8/8
    36 | D:1      | HP: 1/20 [poisoned by a kobold]
   583 | D:1      | Reached XP level 2. HP: 14/26 MP: 10/10
   991 | D:1      | Learned a level 2 spell: Blink
   994 | D:1      | Learned a level 2 spell: Call Imp
   997 | D:1      | Learned a level 2 spell: Slow
  1002 | D:1      | You fall into a shaft and drop 1 floor!
  1483 | D:2      | Reached XP level 3. HP: 26/31 MP: 11/11
  2094 | D:2      | Reached skill level 1 in Invocations
  2213 | D:3      | Found a shadowy altar of Dithmenos.
  2299 | D:3      | Reached skill level 1 in Short Blades
  2299 | D:3      | Reached skill level 1 in Axes
  2299 | D:3      | Reached skill level 1 in Maces & Flails
  2299 | D:3      | Reached skill level 1 in Polearms
  2299 | D:3      | Reached skill level 1 in Staves
  2299 | D:3      | Reached skill level 1 in Slings
  2299 | D:3      | Reached skill level 1 in Bows
  2299 | D:3      | Reached skill level 1 in Crossbows
  2299 | D:3      | Reached skill level 1 in Armour
  2299 | D:3      | Reached skill level 1 in Stealth
  2299 | D:3      | Reached skill level 1 in Shields
  2299 | D:3      | Reached skill level 1 in Unarmed Combat
  2507 | D:3      | Reached XP level 4. HP: 32/38 MP: 13/13
  2894 | D:3      | Found a hide-covered altar of Uskayaw.
  2938 | D:3      | Found a runed translucent door.
  2945 | D:3      | Noticed Ravenswing17's ghost (amateur GnAM)
  3248 | D:4      | Found a blossoming altar of Fedhas.
  3283 | D:4      | Reached skill level 1 in Conjurations
  3283 | D:4      | Reached skill level 1 in Hexes
  3283 | D:4      | Reached skill level 1 in Summonings
  3283 | D:4      | Reached skill level 1 in Necromancy
  3283 | D:4      | Reached skill level 1 in Translocations
  3283 | D:4      | Reached skill level 1 in Transmutations
  3283 | D:4      | Reached skill level 1 in Fire Magic
  3283 | D:4      | Reached skill level 1 in Ice Magic
  3283 | D:4      | Reached skill level 1 in Air Magic
  3283 | D:4      | Reached skill level 1 in Earth Magic
  3283 | D:4      | Reached skill level 1 in Poison Magic
  3283 | D:4      | Noticed a scorpion
  3297 | D:4      | Killed a scorpion
  3298 | D:4      | Reached XP level 5. HP: 43/43 MP: 12/14
  3621 | D:4      | Noticed an ogre
  3631 | D:4      | Found a radiant altar of Vehumet.
  3732 | D:4      | Found an opulent altar of Gozag.
  3890 | D:5      | Entered Level 5 of the Dungeon
  3933 | D:5      | Noticed a water moccasin
  3950 | D:5      | Killed a water moccasin
  3951 | D:5      | Reached skill level 5 in Fighting
  3951 | D:5      | Reached skill level 5 in Long Blades
  3951 | D:5      | Reached XP level 6. HP: 15/51 MP: 16/16
  4497 | D:5      | Noticed an acid dragon
  4502 | D:5      | Noticed an ice beast
  4507 | D:5      | HP: 2/51 [acid dragon (10)]
  4508 | D:5      | Slain by an acid dragon

Illustrated notes

Levels and vault maps discovered:
D:1:      amcnicky_arrival_abandoned_market, layout_rooms
D:2:      layout_basic
D:3:      wander_river, layout_loops_ring, mainiacjoe_overflow_surrounded_room,
          mainiacjoe_overflow_concentric_impassable,
          hellmonk_ghost_happy_afterlife
D:4:      layout_rooms, fedhas_altar_3, grunt_gozag_breadcrumbs,
          fiery_altar_vehumet, uniq_crazy_yiuf_cottage
D:5:      layout_cave_pools, kennysheep_generic_room_13

Skill      XL: |  1  2  3  4  5 |
---------------+----------------+-----
Invocations    | 1 2 |  2.3
Short Blades   | 1 2 |  2.1
Axes           | 1 2 |  2.1
Maces & Flails | 1 2 |  2.1
Polearms       | 1 2 |  2.1
Staves         | 1 2 |  2.1
Slings         | 1 2 |  2.1
Bows           | 1 2 |  2.1
Crossbows      | 1 2 |  2.1
Armour         | 1 2 |  2.1
Stealth        | 1 2 |  2.1
Shields        | 1 2 |  2.1
Unarmed Combat | 1 2 |  2.1
Conjurations   | 1 |  1.6
Hexes          | 1 |  1.6
Summonings     | 1 |  1.6
Necromancy     | 1 |  1.6
Translocations | 1 |  1.6
Transmutations | 1 |  1.6
Fire Magic     | 1 |  1.6
Ice Magic      | 1 |  1.6
Air Magic      | 1 |  1.6
Earth Magic    | 1 |  1.6
Poison Magic   | 1 |  1.6
Throwing       | 3 |  3.3
Dodging        | 3 |  3.3
Evocations     | 3 |  3.3
Fighting       | 5 |  5.0
Long Blades    | 5 |  5.0
Spellcasting   | |  7.4

Action                   |  1- 3 |  4- 6 || total
-------------------------+-------+-------++-------
Melee: Dagger            |    96 |   146 ||   242
       Falchion          |     7 |       ||     7
       Bite              |     6 |     8 ||    14
Throw: Boomerang         |       |     2 ||     2
 Cast: Magic Dart        |     5 |     4 ||     9
       Call Imp          |     1 |       ||     1
  Use: Scroll            |     4 |     5 ||     9
       Potion            |       |     1 ||     1
Armor: Robe              |    13 |       ||    13
       Ring mail         |    22 |       ||    22
       Scale mail        |       |    29 ||    29
       Skin              |       |    11 ||    11
       Chain mail        |       |    33 ||    33
Dodge: Dodged            |    60 |    59 ||   119
       Rpst.: Falchion   |     1 |       ||     1
